 Dungeon Crawl Stone Soup version 0.30-a0-4-ga7cffc901d (webtiles) character file.

Game seed: 9789779119624995194

8652 drpainis the Thaumaturge (level 11, -8/49 HPs)
             Began as a Spriggan Summoner on Aug 22, 2022.
             Was a Believer of Sif Muna.
             Mangled by a sixfirhy (9 damage)
             ... summoned by an orc sorcerer
             ... on level 2 of the Orcish Mines.
             The game lasted 00:42:41 (27096 turns).

drpainis the Thaumaturge (Spriggan Summoner)       Turns: 27096, Time: 00:42:43

Health: -8/49      AC:  7    Str:  4    XL:     11   Next: 12%
Magic:  0/28       EV: 19    Int: 21    God:    Sif Muna [**....]
Gold:   645        SH:  0    Dex: 16    Spells: 7/35 levels left

rFire   + . .      SeeInvis +    l - +3 quarterstaff (chaos)
rCold   . . .      Faith    .    (shield currently unavailable)
rNeg    . . .      Spirit   +    D - +2 robe {rF+}
rPois   .          Reflect  .    (helmet restricted)
rElec   .          Harm     .    m - +2 cloak
rCorr   .          Rampage  .    (gloves unavailable)
Will    +....                    (boots unavailable)
Stlth   +++.......               g - amulet of guardian spirit
HPRegen 0.16/turn                y - ring of wizardry
MPRegen 0.21/turn                (no ring)

@: very quick
A: very small, no large weapons, unfitting armour, see invisible, speed 3
a: Renounce Religion, Channel Magic


You were on level 2 of the Orcish Mines.
You worshipped Sif Muna.
Sif Muna was pleased with you.
You visited 3 branches of the dungeon, and saw 12 of its levels.
You also visited: Ossuary.

You collected 1359 gold pieces.
You spent 714 gold pieces at shops.

Inventory:

Hand Weapons
 c - a +0 dagger
 j - a +4 dagger
 l - a +3 quarterstaff of chaos (weapon)
 H - a +1 dagger of draining
 L - a +1 dagger of venom
Armour
 a - a +1 robe
 m - a +2 cloak (worn)
 D - a +2 robe of fire resistance (worn)
 N - a +0 troll leather armour
Magical Staves
 t - a staff of conjuration
Jewellery
 g - an amulet of guardian spirit (around neck)
 y - a ring of wizardry (left hand)
Wands
 F - a wand of roots (8)
 K - a wand of paralysis (13)
 M - a wand of flame (4)
Scrolls
 d - 4 scrolls of vulnerability
 e - 4 scrolls of teleportation
 f - 2 scrolls of identify
 q - a scroll of torment
 r - 10 scrolls of noise
 u - 3 scrolls of brand weapon {unknown}
 v - 2 scrolls of immolation
 w - 2 scrolls of blinking
 B - a scroll of enchant weapon {unknown}
 C - 4 scrolls of fear
 E - 2 scrolls of fog {unknown}
 I - 2 scrolls of magic mapping
 J - 2 scrolls of amnesia {unknown}
Potions
 b - a potion of magic
 h - 3 potions of might
 i - 2 potions of cancellation {unknown}
 k - 5 potions of brilliance
 n - 2 potions of heal wounds
 o - 2 potions of resistance {unknown}
 p - 5 potions of curing
 s - 4 potions of mutation
 x - a potion of flight {unknown}
 z - 9 potions of degeneration
 A - a potion of haste {unknown}
 G - 2 potions of attraction {unknown}


   Skills:
 + Level 1.6 Fighting
 + Level 0.4 Short Blades
 + Level 3.0 Staves
 + Level 4.8 Dodging
 + Level 6.7 Stealth
 + Level 12.6 Spellcasting
 + Level 0.2 Conjurations
 + Level 4.3 Hexes
 + Level 9.1 Summonings
 + Level 4.2 Air Magic
 + Level 2.1 Poison Magic
 + Level 0.3 Invocations


You had 7 spell levels left.
You knew the following spells:

 Your Spells              Type           Power      Damage    Failure   Level
a - Summon Small Mammal   Summ           100%       N/A       1%          1
b - Call Imp              Summ           51%        N/A       1%          2
c - Call Canine Familiar  Summ           51%        N/A       1%          3
d - Summon Guardian Gole  Hex/Summ       41%        N/A       1%          3
e - Summon Lightning Spi  Summ/Air       41%        N/A       1%          4
f - Poisonous Vapours     Pois/Air       52%        N/A       1%          2
g - Ice Form              Ice/Tmut       13%        N/A       21%         4
h - Tukima's Dance        Hex            31%        N/A       1%          3
i - Iskenderun's Battles  Conj           14%        2d7       43%         5
j - Magic Dart            Conj           56%        1d5       1%          1

Your spell library contained the following spells:

 Spells                   Type           Power      Damage    Failure   Level
 Apportation              Tloc           26%        N/A       1%          1
 Freeze                   Ice            52%        1d7       1%          1
 Necrotise                Necr           52%        1d6       1%          1
 Mephitic Cloud           Conj/Pois/Air  22%        N/A       2%          3
 Portal Projectile        Hex/Tloc       44%        N/A       2%          3
 Frozen Ramparts          Ice            26%        1d4       6%          3
 Corpse Rot               Necr/Pois/Air  22%        N/A       9%          4
 Leda's Liquefaction      Hex/Erth       11%        N/A       9%          4
 Silence                  Hex/Air        15%        N/A       10%         5
 Hailstorm                Conj/Ice       13%        3d5       19%         4
 Animate Dead             Necr           13%        N/A       21%         4
 Passage of Golubria      Tloc           13%        N/A       21%         4
 Yara's Violent Unravell  Hex/Tmut       11%        3d6       22%         5
 Spellforged Servitor     Conj/Summ      16%        N/A       91%         7
 Haunt                    Necr/Summ      16%        N/A       92%         7
 Iron Shot                Conj/Erth      6%         9d2       94%         6
 Simulacrum               Ice/Necr       6%         N/A       95%         6
 Infestation              Necr           6%         N/A       100%        8
 Lehudib's Crystal Spear  Conj/Erth      6%         10d3      100%        8


Dungeon Overview and Level Annotations

Branches:
Dungeon (9/15)             Temple (1/1) D:7             Orc (2/2) D:9
    Elf (0/3) Orc:2       Ossuary (visited)
   Lair: D:8-11

Altars:
Ashenzari
Cheibriados
Dithmenos
Elyvilon
Fedhas
Gozag
Hepliaklqana
Makhleb
Nemelex Xobeh
Okawaru
Qazlal
Ru
Sif Muna
Trog
Uskayaw
Vehumet
Wu Jian
Xom
Yredelemnul
Zin
The Shining One

Shops:
D:8 *   Orc:2 *

Annotations:
Orc:1 2 transporters, Aurif3x's ghost, novice FeBe


Innate Abilities, Weirdness & Mutations

You are very small and have problems with some larger weapons.
You are too small for most types of armour.
You have supernaturally acute eyesight. (SInv)
You cover ground extremely quickly. (Speed+++)


Message History

a +0 flail; a +0 leather armour An orc sorcerer is nearby!
Your crimson imp blinks!
The orc sorcerer points at you and mumbles some strange words.
Your wolf suddenly stops moving!
Casting: Iskenderun's Battlesphere (extremely dangerous; 43% risk of failure)
Confirm with . or Enter, or press ? or * to list all spells.
A guardian golem appears, shielding your allies.
Casting: Summon Guardian Golem (safe; 1% risk of failure)
Confirm with . or Enter, or press ? or * to list all spells.
Your wolf disappears in a puff of smoke!
Your crimson imp blinks!
An orc comes into view. It is wielding a +0 whip.
Your wolf misses the orc sorcerer.
Your wolf completely misses the orc sorcerer.
An orc priest comes into view.
It is wielding a +0 flail of holy wrath.
The orc sorcerer casts a spell.
Your wolf bites the orc sorcerer but does no damage.
Casting: Call Canine Familiar (safe; 1% risk of failure)
Confirm with . or Enter, or press ? or * to list all spells.
A guardian golem appears, shielding your allies.
Your guardian golem disappears in a puff of smoke!
Your wolf misses the orc sorcerer. The sixfirhy attacks as you move away!
The sixfirhy hits you. The sixfirhy shocks you! The sixfirhy hits you!
The sixfirhy shocks you!
* * * LOW HITPOINT WARNING * * *
The orc priest calls upon Beogh to heal something.
The sixfirhy hits you.
* * * LOW HITPOINT WARNING * * *
The sixfirhy shocks you!
* * * LOW HITPOINT WARNING * * *
You see here a +0 club.
Magic courses through your body. The sixfirhy completely misses you.
The sixfirhy hits you. The sixfirhy shocks you! The sixfirhy hits you.
The sixfirhy shocks you!
Your wolf bites the orc sorcerer but does no damage.
Your crimson imp hits the orc sorcerer.
The orc sorcerer hits your crimson imp with a +0 dagger!
The sixfirhy hits you. The sixfirhy shocks you!
You die...

#...##.##.## #....####
....#......# ##.......##
.....#.#..#####.........#
..<.......#.##.#....#..## ###
........................# ##.##
............##....#....######...#
.#...#......###..#.....##.#......
##....#.....)....39ยง.............
##........#.)...@5oho.o..........
.......#...............).........
..............)................#.
....)...................#.....#..
............#####################
.#..........# ............#
.#...#......# #...##.>....#


You could see a sixfirhy (summoned), an orc sorcerer (ally target), an orc
priest, an orc, a friendly guardian golem (summoned), a friendly wolf (summoned,
sheltered) and a friendly crimson imp (summoned, sheltered).

Vanquished Creatures
  A troll (Orc:2)
  A warg (Orc:2)
  An ice beast (D:6)
  A phantom (D:7)
  A bullfrog (D:7)
  A gnoll sergeant (D:9)
  4 hounds
  An orc priest (D:7)
  An iguana (D:5)
  5 orc wizards
  A gnoll (D:9)
  2 adders (D:3)
  A shadow imp (D:6)
  A worm (D:4)
  11 orcs
  5 endoplasms
  5 giant cockroaches
  2 goblins
  3 hobgoblins
  4 jackals
  6 kobolds
  A nameless horror (D:4)
  A quokka (D:1)
  8 ball pythons
  3 bats
  2 frilled lizards
  A goblin zombie (Ossuary)
  A hobgoblin zombie (Ossuary)
  4 rats
79 creatures vanquished.

Vanquished Creatures (collateral kills)
  3 orc sorcerers
  A troll (D:9)
  A meliai (shapeshifter) (D:6)
  A steam dragon (D:9)
  2 wargs
  9 orc warriors
  5 ogres
  4 centaurs
  2 kobold brigands
  A necrophage (D:5)
  2 gnoll sergeants
  3 bullfrogs (D:7)
  A scorpion (D:6)
  5 wights
  4 howler monkeys
  2 centaur zombies (Ossuary)
  A human zombie (Ossuary)
  A jelly (D:4)
  9 orc priests
  2 hounds (D:5)
  Crazy Yiuf (D:2)
  10 orc wizards
  2 iguanas
  7 adders
  13 gnolls
  A shadow imp (D:8)
  A white imp (D:5)
  An ufetubus (D:5)
  A worm (D:2)
  52 orcs
  2 ball pythons
  2 endoplasms (D:1)
  A giant cockroach (D:4)
  5 goblins
  4 hobgoblins (D:1)
  2 jackals (D:2)
  A quokka (D:1)
  2 bats (D:2)
  4 frilled lizards
  2 gnoll zombies (Ossuary)
  14 kobolds
  A kobold zombie (D:5)
  An orc zombie (Ossuary)
  3 rats (D:2)
192 creatures vanquished.

Vanquished Creatures (others)
  Maggie (D:7)
  A troll (D:9)
  A steam dragon (D:7)
  2 water moccasins (D:4)
  6 orc warriors
  An ogre (D:4)
  2 centaurs
  A kobold brigand (D:9)
  A gnoll sergeant (D:8)
  3 wights
  An orc priest (D:8)
  An iguana (D:6)
  An orc wizard (D:9)
  4 mummies (Ossuary)
  An orc zombie (D:4)
  An orc (Orc:1)
  2 kobolds (D:9)
  6 plants (D:1)
36 creatures vanquished.

Grand Total: 307 creatures vanquished

Notes
Turn   | Place    | Note
-------+----------+-------------------------------------------
     0 | D:1      | drpainis the Spriggan Summoner began the quest for the Orb.
     0 | D:1      | Reached XP level 1. HP: 9/9 MP: 5/5
  1134 | D:1      | Reached XP level 2. HP: 13/13 MP: 6/6
  1146 | D:1      | Learned a level 2 spell: Call Imp
  1199 | D:1      | Reached skill level 3 in Spellcasting
  1561 | D:1      | Found a faded altar of an unknown god.
  2403 | D:2      | Reached XP level 3. HP: 14/16 MP: 0/8
  2407 | D:2      | Learned a level 3 spell: Call Canine Familiar
  3142 | D:2      | Found a runed translucent door.
  3143 | D:2      | Noticed Crazy Yiuf
  3254 | D:2      | Killed Crazy Yiuf
  3255 | D:2      | Reached XP level 4. HP: 21/21 MP: 1/10
  3610 | D:2      | Reached skill level 4 in Spellcasting
  4182 | D:3      | Learned a level 3 spell: Summon Guardian Golem
  4859 | D:3      | Reached XP level 5. HP: 24/24 MP: 12/12
  5651 | D:4      | Reached skill level 1 in Staves
  6343 | D:4      | Found a glowing golden altar of the Shining One.
  6343 | D:4      | Found an iron altar of Okawaru.
  6351 | D:4      | Found a sparkling altar of Nemelex Xobeh.
  6353 | D:4      | Found a radiant altar of Vehumet.
  6354 | D:4      | Noticed an ogre
  6368 | D:4      | Killed an ogre
  6369 | D:4      | Reached XP level 6. HP: 28/28 MP: 4/14
  6420 | D:4      | Found a broken altar of Ashenzari.
  6842 | D:4      | Reached skill level 5 in Spellcasting
  7518 | D:4      | Learned a level 4 spell: Summon Lightning Spire
  7721 | D:5      | Entered Level 5 of the Dungeon
  7883 | D:5      | Noticed a water moccasin
  8078 | D:5      | Noticed a water moccasin
  8259 | D:5      | Found a sand-covered staircase.
  8264 | Ossuary  | Entered an ossuary
  8572 | Ossuary  | Reached XP level 7. HP: 32/32 MP: 5/16
  8912 | Ossuary  | Reached skill level 1 in Hexes
  9571 | D:4      | Reached skill level 5 in Stealth
  9571 | D:4      | Reached skill level 6 in Spellcasting
  9571 | D:4      | Reached skill level 5 in Summonings
 10637 | D:5      | Learned a level 2 spell: Poisonous Vapours
 11084 | D:5      | Reached skill level 7 in Spellcasting
 11084 | D:5      | Reached XP level 8. HP: 34/37 MP: 6/19
 11803 | D:6      | Noticed a shapeshifter
 11803 | D:6      | an ice beast changed into a shapeshifter
 11803 | D:6      | Noticed a meliai
 11803 | D:6      | a shapeshifter changed into a meliai
 11805 | D:6      | Killed a meliai
 11806 | D:6      | Reached skill level 1 in Fighting
 11806 | D:6      | Reached skill level 1 in Air Magic
 11806 | D:6      | Reached skill level 1 in Poison Magic
 12615 | D:6      | Reached skill level 8 in Spellcasting
 13483 | D:7      | Reached XP level 9. HP: 32/41 MP: 3/22
 13838 | D:7      | Noticed Maggie
 13838 | D:7      | HP: 2/41 [Maggie/bolt of fire (24)]
 14811 | D:7      | Found a shadowy altar of Dithmenos.
 14853 | D:7      | Reached skill level 9 in Spellcasting
 14916 | D:7      | Killed Maggie
 15467 | D:7      | Found a staircase to the Ecumenical Temple.
 15499 | D:7      | Reached skill level 10 in Spellcasting
 15577 | Temple   | Entered the Ecumenical Temple
 15863 | Temple   | Became a worshipper of Sif Muna the Loreminder
 17264 | D:8      | Learned a level 4 spell: Ice Form
 17694 | D:8      | Found Ginogiuf's Gadget Gallery.
 17804 | D:9      | Found a staircase to the Orcish Mines.
 17824 | D:9      | Reached XP level 10. HP: 36/46 MP: 7/25
 18084 | D:9      | Reached * piety under Sif Muna
 19109 | D:9      | Found an ornate altar of the Wu Jian Council.
 19926 | D:9      | Reached skill level 11 in Spellcasting
 20290 | D:9      | Found a hazy altar of Hepliaklqana.
 20529 | D:9      | Learned a level 3 spell: Tukima's Dance
 20587 | Orc:1    | Entered Level 1 of the Orcish Mines
 21180 | Orc:1    | Noticed an orc sorcerer
 21185 | Orc:1    | Reached ** piety under Sif Muna
 22021 | Orc:1    | Killed an orc sorcerer
 23371 | Orc:1    | Found a transporter.
 23374 | Orc:1    | Noticed a moth of wrath
 23379 | Orc:1    | Found a bloodstained altar of Trog.
 23380 | Orc:1    | Noticed a two-headed ogre
 23387 | Orc:1    | Noticed a moth of wrath
 23387 | Orc:1    | Noticed an orc knight
 23387 | Orc:1    | Noticed a two-headed ogre
 23389 | Orc:1    | Noticed Aurif3x's ghost (novice FeBe)
 23403 | Orc:1    | Found a transporter.
 23567 | Orc:1    | Reached skill level 12 in Spellcasting
 24208 | Orc:2    | Entered Level 2 of the Orcish Mines
 24225 | Orc:2    | Found a staircase to the Elven Halls.
 24228 | Orc:2    | Noticed an orc sorcerer
 24240 | Orc:2    | Killed an orc sorcerer
 24830 | Orc:2    | Found Pgeol's Practical Paraphernalia.
 24838 | Orc:2    | Bought a book of Power for 714 gold pieces
 24844 | Orc:2    | Learned a level 5 spell: Iskenderun's Battlesphere
 25328 | Orc:2    | Learned a level 1 spell: Magic Dart
 25344 | Orc:2    | Reached XP level 11. HP: 43/49 MP: 7/28
 26982 | Orc:2    | Noticed an orc sorcerer
 27009 | Orc:2    | Killed an orc sorcerer
 27084 | Orc:2    | Noticed an orc sorcerer
 27094 | Orc:2    | Noticed a sixfirhy
 27095 | Orc:2    | HP: 1/49 [sixfirhy[an orc sorcerer] (7)]
 27096 | Orc:2    | Mangled by a sixfirhy

Illustrated notes

Levels and vault maps discovered:
D:1:      psy_arrival_fountain, layout_basic, basic_ecumenical_altar,
          chequers_serial_rivers_micro_c, serial_bayou_pond_d,
          minmay_tromino_mix6
D:2:      layout_rooms, kennysheep_cluttered_room, minmay_cupped,
          uniq_crazy_yiuf_cottage
D:3:      layout_loops_cross, bh_walls_and_bars
D:4:      cheibrodos_thug_alley, layout_loops_ring,
          chequers_temple_overflow_minitemple
D:5:      layout_loops_cross, enter_ossuary_3
D:6:      layout_basic
D:7:      layout_loops_ring, mainiacjoe_overflow_catwalk, temple_hall,
          uniq_maggie
D:8:      layout_rooms, nicolae_shop_gadgets
D:9:      layout_roguey, mainiacjoe_overflow_boulevard,
          nicolae_hepliaklqana_hippocampus, minmay_orc_entry_temple_small
Temple:   hellmonk_temple_forest_ring
Orc:1:    layout_caves, gammafunk_ghost_wrathful_warriors
Orc:2:    st_orc_congregation, layout_caves, nicolae_alphabet_shops,
          mines2_david, uniq_urug

Skill      XL: |  1  2  3  4  5  6  7  8  9 10 11 |
---------------+----------------------------------+-----
Spellcasting   | 3 4 5 7 8 10 12 | 12.6
Summonings     | 4 5 6 7 8 9 |  9.1
Stealth        | 4 5 6 |  6.7
Staves         | 1 2 3 |  3.0
Dodging        | 3 4 |  4.8
Hexes          | 2 3 4 |  4.3
Fighting       | 1 |  1.6
Air Magic      | 1 3 4 |  4.2
Poison Magic   | 1 2 |  2.1
Short Blades   | |  0.4
Conjurations   | |  0.2
Invocations    | |  0.3

Action                   |  1- 3 |  4- 6 |  7- 9 | 10-12 || total
-------------------------+-------+-------+-------+-------++-------
Melee: Unarmed           |    16 |       |       |       ||    16
       Dagger            |    39 |       |       |       ||    39
       Punch             |     2 |       |       |       ||     2
       Quarterstaff      |       |    89 |    55 |    33 ||   177
 Cast: Summon Small Mamm |    37 |    30 |    17 |    15 ||    99
       Call Imp          |    16 |     7 |    20 |    10 ||    53
       Call Canine Famil |     4 |    21 |    44 |    42 ||   111
       Summon Guardian G |       |    16 |    42 |    41 ||    99
       Poisonous Vapours |       |       |    20 |     9 ||    29
       Summon Lightning  |       |       |    20 |    36 ||    56
       Ice Form          |       |       |     1 |       ||     1
       Magic Dart        |       |       |       |    17 ||    17
       Iskenderun's Batt |       |       |       |     7 ||     7
Invok: Channel Magic     |       |       |       |     3 ||     3
  Use: Scroll            |       |     3 |    12 |       ||    15
       Potion            |       |     1 |     3 |     6 ||    10
 Stab: Distracted        |     2 |     1 |     2 |       ||     5
       Sleeping          |     3 |    12 |     4 |       ||    19
Armor: Robe              |     8 |    14 |    15 |    12 ||    49
Dodge: Dodged            |    64 |    84 |   128 |    68 ||   344

Table legend: (Time is in decaauts)
 A = Elapsed time spent in this place.
 B = Non-inter-level travel time spent in this place.
 C = Inter-level travel time spent in this place.
 D = Time resting spent in this place.
 E = Time spent auto-exploring this place.
 F = Levels seen in this place.
 G = Mean time per level.
                   A        B        C        D        E       F      G
               +--------+--------+--------+--------+--------+-----+--------+
         Total |  23889 |  23782 |    107 |  16427 |   3399 |  13 | 1837.6 |
       Dungeon |  17707 |  17600 |    107 |  11587 |   2867 |   9 | 1967.4 |
        Temple |    224 |    224 |      0 |    100 |     83 |   1 |  224.0 |
  Orcish Mines |   4797 |   4797 |      0 |   3831 |    441 |   2 | 2398.5 |
       Ossuary |   1160 |   1160 |      0 |    908 |      6 |   1 | 1160.0 |
               +--------+--------+--------+--------+--------+-----+--------+

Top non-repeatable levels by time:
     D:9: 3678 daAuts
   Orc:2: 2698 daAuts
     D:4: 2598 daAuts
     D:7: 2111 daAuts
   Orc:1: 2098 daAuts
     D:1: 2037 daAuts
     D:5: 1943 daAuts
     D:6: 1751 daAuts
     D:2: 1383 daAuts
     D:8: 1291 daAuts
 Ossuary: 1160 daAuts
     D:3: 910 daAuts
  Temple: 224 daAuts
